 Dungeon Crawl Stone Soup version 0.24.1-4-ge52af88ad5 (webtiles) character file.

Game seed: 13180563366051241493, levelgen mode: deterministic

1976 lepoulpe303 the Changer (level 9, -2/72 HPs)
             Began as a Pale Draconian Transmuter on Apr 16, 2020.
             Was a Priest of Wu Jian.
             Slain by a wight
             ... wielding a +3 flail of freezing
              (3 damage)
             ... on level 8 of the Dungeon.
             The game lasted 00:35:50 (10165 turns).

lepoulpe303 the Changer (DrTm)                     Turns: 10165, Time: 00:35:50

Health: -2/72      AC:  7    Str: 13    XL:     9   Next: 0%
Magic:  11/17      EV: 13    Int: 16    God:    Wu Jian [***...]
Gold:   388        SH:  0    Dex: 12    Spells: 9/19 levels left

rFire    . . .     SeeInvis .     - Unarmed
rCold    . . .     Gourm    .   (no shield)
rNeg     . . .     Faith    .   (armour unavailable)
rPois    .         Spirit   .   (helmet restricted)
rElec    .         Reflect  .   (no cloak)
rCorr    +         Harm     .   (no gloves)
MR       .....                  (no boots)
Stlth    +.........             (no amulet)
HPRegen  0.22/turn              C - ring of resist corrosion
MPRegen  0.15/turn              (no ring)

@: slowed, drained, very slow
A: breathe steam, unfitting armour, cold-blooded, AC +7
a: Breathe Steam, Wall Jump, Serpent's Lash, Renounce Religion


You were on level 8 of the Dungeon.
You worshipped Wu Jian.
Wu Jian was most pleased with you.
You were very hungry.

You visited 1 branch of the dungeon, and saw 8 of its levels.

You collected 388 gold pieces.

Inventory:

Missiles
 f - 12 boomerangs (quivered)
 v - 2 poisoned darts
 y - 2 throwing nets {=f}
 Q - 76 arrows
Jewellery
 C - a ring of resist corrosion (left hand)
Wands
 A - a wand of acid (7)
 F - a wand of disintegration (16)
Scrolls
 c - 3 scrolls of amnesia
 g - 2 scrolls of fear
 h - a scroll of fog {unknown}
 i - 6 scrolls of identify
 k - a scroll of blinking {unknown}
 l - a scroll of teleportation {unknown}
 p - a scroll of random uselessness {unknown}
 s - a scroll of enchant armour {unknown}
 w - a scroll of enchant weapon {unknown}
 B - 3 scrolls of remove curse {unknown}
 D - 4 scrolls of noise {unknown}
 E - a scroll of silence {unknown}
Potions
 a - a potion of degeneration {unknown}
 b - a potion of heal wounds {unknown}
 d - 3 potions of might
 j - 3 potions of berserk rage {!q}
 m - 2 potions of brilliance {unknown}
 n - 2 potions of cancellation {unknown}
 o - 2 potions of resistance {unknown}
 q - a potion of curing
 r - 2 potions of lignification {!q}
 t - 3 potions of flight
 u - 2 potions of haste {unknown}
 x - 4 potions of mutation {!q}
 z - a potion of agility {unknown}
Comestibles
 e - 15 rations


   Skills:
 + Level 4.7(3.9) Fighting
 + Level 4.3(3.4) Dodging
 + Level 5.2(4.4) Unarmed Combat
 * Level 5.9(5.1) Spellcasting
 * Level 6.3(5.5) Transmutations
 - Level 2.0(1.2) Poison Magic


You had 9 spell levels left.
You knew the following spells:

 Your Spells              Type           Power        Failure   Level  Hunger
a - Beastly Appendage     Tmut           ###...       1%          1    None
b - Ice Form              Ice/Tmut       ##......     43%         4    ####...
c - Spider Form           Tmut/Pois      ##........   12%         3    ###....
s - Sticks to Snakes      Tmut           ###.....     2%          2    #......

Your spell library contained the following spells:

 Spells                   Type           Power        Failure   Level  Hunger
 Blade Hands              Tmut           ###.......   41%         5    ######.


Dungeon Overview and Level Annotations

Branches:
Dungeon (8/15)             Temple (0/1) D:4
   Lair: D:8-11

Altars:
Dithmenos
Kikubaaqudgha
Wu Jian
The Shining One

Shops:
D:5 }

Annotations:
D:7 3 runed translucent doors, shugdite's ghost, novice MiMo


Innate Abilities, Weirdness & Mutations

You can breathe blasts of scalding, opaque steam.
Your pale cyan-grey scales are hard. (AC +7)
You cannot fit into any form of body armour.
You are cold-blooded and may be slowed by cold attacks.


Message History

You feel clever.
Your scales feel tougher.
The wight closely misses you.
The orc priest mumbles some strange prayers to Beogh against you.
Beogh smites you!
* * * LOW HITPOINT WARNING * * *
You take 13 damage, and have 15/72 hp.
You spin and attack the wight.
You hit the wight but do no damage.
You spin and attack the wight repeatedly.
You hit the wight. You hit the wight but do no damage.
You claw the wight, but do no damage.
Your talons disappear.
The wight hits you with a cursed +0 hand axe.
* * * LOW HITPOINT WARNING * * *
You feel drained.
* * * LOW HITPOINT WARNING * * *
The wight hits you with a +3 flail of freezing!
* * * LOW HITPOINT WARNING * * *
You feel yourself slow down. The wight freezes you.
You die...

### #..
#.## #..
##.. #..#
#..#
####z@#
.###..zzz#
..!..oo.##
?..##o###
. #.. #. .
>.


You could see 4 wights, an orc priest and 2 orcs.

Levels and vault maps discovered:
D:1:      dpeg_arrival_houses_and_road, layout_basic, nrook_loot_triangle,
          minmay_misc_feat_four_crosses, st_stairs_1
D:2:      layout_basic, marbit_many_paths, uniq_natasha
D:3:      layout_loops_cross, minmay_box_of_dots, uniq_jessica
D:4:      layout_gridville, lemuel_round_altar, nicolae_overflow_hidden_temple,
          minmay_temple_entry_nine_rooms, tso_altar
D:5:      layout_basic, first_ration, serial_shops, kennysheep_mini_moat,
          kennysheep_generic_room_3
D:6:      layout_cave_pods, serial_bayou_pond_b
D:7:      layout_cave_pools, gammafunk_ghost_nasty_kobolds
D:8:      layout_rooms, lemuel_round_altar, xom_confusion_cloud,
          grunt_lair_entry_orc_guard_hut, uniq_gastronok

Notes
Turn   | Place    | Note
-------+----------+-------------------------------------------
     0 | D:1      | lepoulpe303 the Draconian Transmuter began the quest for
                  | the Orb.
     0 | D:1      | Reached XP level 1. HP: 16/16 MP: 3/3
   184 | D:1      | Identified a +0 dagger
   193 | D:1      | Identified a +0 club
   201 | D:1      | Reached XP level 2. HP: 20/23 MP: 5/5
   207 | D:1      | Learned a level 2 spell: Sticks to Snakes
   285 | D:1      | Identified a +0 club
   293 | D:1      | Identified a +0 whip
   438 | D:1      | Identified a cursed -1 club
   450 | D:1      | Reached skill level 2 in Dodging
   459 | D:1      | Identified a +0 club
   581 | D:1      | Identified a +0 club
   714 | D:1      | Identified a +0 club
   743 | D:1      | Reached XP level 3. HP: 25/28 MP: 6/6
   744 | D:1      | Identified a +0 club
  1180 | D:2      | Learned a level 3 spell: Spider Form
  1305 | D:2      | Identified a +0 club
  1352 | D:2      | Identified a +0 club
  1404 | D:2      | Found an ornate altar of the Wu Jian Council.
  1408 | D:2      | Became a worshipper of the Wu Jian Council
  1429 | D:2      | Noticed Natasha
  1439 | D:2      | Killed Natasha
  1439 | D:2      | Reached XP level 4. HP: 32/36 MP: 3/8
  1931 | D:2      | Identified a +0 dagger
  2009 | D:2      | Noticed Natasha
  2018 | D:2      | Killed Natasha
  2018 | D:2      | Reached skill level 3 in Spellcasting
  2018 | D:2      | Reached skill level 3 in Transmutations
  2111 | D:3      | Identified a +0 whip
  2114 | D:3      | Identified a +0 flail
  2114 | D:3      | Identified a +0 leather armour
  2116 | D:3      | Identified a cursed -2 club
  2118 | D:3      | Identified a +0 club
  2124 | D:3      | Identified a +0 falchion
  2124 | D:3      | Identified a +0 leather armour
  2129 | D:3      | Identified a +0 dagger
  2129 | D:3      | Identified a +0 robe
  2130 | D:3      | Identified a +0 flail
  2130 | D:3      | Identified a +0 ring mail
  2413 | D:3      | Reached skill level 2 in Fighting
  2413 | D:3      | Reached XP level 5. HP: 39/41 MP: 9/9
  2616 | D:3      | Reached skill level 1 in Poison Magic
  2753 | D:3      | Identified a +0 robe
  2753 | D:3      | Noticed Jessica
  2759 | D:3      | Killed Jessica
  2775 | D:3      | Identified a +0 club
  2905 | D:3      | Identified a cursed -3 hand axe
  2905 | D:3      | Identified a +0 flail
  2905 | D:3      | Identified a +0 short sword
  2906 | D:3      | Identified a +0 flail
  3051 | D:3      | Identified a +0 dagger
  3056 | D:3      | Reached * piety under Wu Jian
  3787 | D:4      | Found an ancient bone altar of Kikubaaqudgha.
  3844 | D:4      | Found a shadowy altar of Dithmenos.
  3864 | D:4      | Reached XP level 6. HP: 35/50 MP: 11/11
  3870 | D:4      | Learned a level 4 spell: Ice Form
  4501 | D:4      | Found a glowing golden altar of the Shining One.
  4528 | D:4      | Identified a +0 falchion
  4529 | D:4      | Identified a +0 dagger
  4529 | D:4      | Identified a +0 dagger
  4529 | D:4      | Identified a +0 robe
  4534 | D:4      | Identified a +0 dagger
  4534 | D:4      | Identified a +0 robe
  4583 | D:4      | Reached skill level 4 in Transmutations
  4587 | D:4      | Reached skill level 3 in Dodging
  4996 | D:4      | Found a staircase to the Ecumenical Temple.
  5300 | D:5      | Entered Level 5 of the Dungeon
  5716 | D:5      | Reached skill level 4 in Unarmed Combat
  5716 | D:5      | Reached skill level 4 in Spellcasting
  5716 | D:5      | Your scales start taking on a pale cyan-grey colour.
  5716 | D:5      | Reached XP level 7. HP: 45/56 MP: 10/13
  5891 | D:5      | Found Seckusea's Gadget Shoppe.
  6034 | D:6      | Reached skill level 3 in Fighting
  6060 | D:6      | Reached skill level 2 in Poison Magic
  6102 | D:6      | Identified 8 scrolls of identify
  6102 | D:6      | Identified a ring of resist corrosion (You found it on
                  | level 2 of the Dungeon)
  6104 | D:6      | Identified 3 potions of flight
  6105 | D:6      | Identified 3 potions of lignification
  6106 | D:6      | Identified 3 potions of mutation
  6107 | D:6      | Identified 3 potions of might
  6108 | D:6      | Identified 3 potions of curing
  6317 | D:6      | Identified a +0 trident
  6317 | D:6      | Identified a +0 ring mail
  6317 | D:6      | Identified a +0 whip
  6317 | D:6      | Identified a +0 whip of electrocution
  6332 | D:6      | HP: 7/57 [gnoll/+0 whip (11)]
  7144 | D:6      | HP: 13/57 [worker ant (2)]
  7460 | D:6      | Identified a +0 giant club
  7488 | D:6      | HP: 14/57 [iguana (2)]
  7836 | D:6      | Identified a cursed -3 spear
  7838 | D:6      | Identified a +0 halberd
  7855 | D:6      | Identified 3 scrolls of amnesia
  7857 | D:6      | Identified 3 scrolls of fear
  7859 | D:6      | HP: 14/57 [bullfrog zombie (3)]
  8092 | D:6      | Reached ** piety under Wu Jian
  8095 | D:6      | Reached skill level 5 in Transmutations
  8112 | D:6      | Reached XP level 8. HP: 37/66 MP: 15/15
  8305 | D:6      | Identified a +0 shortbow
  8308 | D:6      | Identified a +0 shortbow
  8314 | D:6      | Reached skill level 5 in Spellcasting
  8656 | D:6      | Identified a ring of attention (You found it on level 6 of
                  | the Dungeon)
  8658 | D:6      | Identified 3 potions of berserk rage
  8691 | D:7      | Reached skill level 4 in Fighting
  8699 | D:7      | HP: 13/66 [water moccasin (8)]
  8704 | D:7      | HP: 11/66 [poisoned by a water moccasin]
  8710 | D:7      | HP: 13/66 [water moccasin (5)]
  8715 | D:7      | HP: 3/66 [water moccasin (7)]
  9079 | D:7      | Identified a +0 hand axe
  9082 | D:7      | Identified a +0 dagger
  9082 | D:7      | Identified a +0 robe
  9091 | D:7      | Identified a cursed -1 hand axe
  9091 | D:7      | Identified a +0 leather armour
  9091 | D:7      | Identified a +0 dagger
  9091 | D:7      | Identified a +0 robe
  9096 | D:7      | Identified a +0 giant spiked club
  9123 | D:7      | Identified a +2 dagger of draining
  9123 | D:7      | Identified a +0 robe
  9333 | D:7      | Reached skill level 4 in Dodging
  9333 | D:7      | Reached skill level 5 in Unarmed Combat
  9340 | D:7      | Reached skill level 6 in Transmutations
  9343 | D:7      | Identified a +0 falchion
  9343 | D:7      | Identified a +0 robe
  9353 | D:7      | Identified a +0 flail
  9363 | D:7      | Identified a +0 dagger
  9363 | D:7      | Identified a +0 robe
  9366 | D:7      | Identified a +0 flail
  9366 | D:7      | Identified a +0 chain mail
  9368 | D:7      | Identified a +0 club
  9375 | D:7      | HP: 15/67 [orc/+0 flail (8)]
  9389 | D:7      | HP: 14/67 [orc/+0 club (3)]
  9669 | D:7      | Identified a +0 dagger
  9671 | D:7      | Identified a +0 dagger
  9677 | D:7      | Identified a +0 short sword
  9679 | D:7      | Identified a cursed -2 dagger
  9682 | D:7      | Identified a +0 dagger
  9691 | D:7      | Reached *** piety under Wu Jian
  9791 | D:7      | Found a runed translucent gate.
  9792 | D:7      | Found a runed translucent gate.
  9793 | D:7      | Found a runed translucent gate.
  9795 | D:7      | Identified a +0 short sword
  9795 | D:7      | Identified a +1 whip of electrocution
  9795 | D:7      | Identified a +1 short sword of distortion
  9795 | D:7      | Identified a +0 short sword
  9796 | D:7      | Noticed shugdite's ghost (novice MiMo)
  9798 | D:7      | Identified a +0 dagger
  9798 | D:7      | Identified a +0 robe
  9798 | D:7      | Noticed a kobold demonologist
 10073 | D:7      | Identified a +0 short sword
 10077 | D:7      | Identified the +4 whip "Giantslayer" {venom, -Tele rElec
                  | rF+ MR+ Stlth+}
 10147 | D:8      | Identified a cursed +0 hand axe
 10147 | D:8      | Identified a +0 robe
 10147 | D:8      | Identified a +3 flail of freezing
 10147 | D:8      | Identified a +0 robe
 10147 | D:8      | Identified a +0 short sword
 10147 | D:8      | Identified a +0 leather armour
 10148 | D:8      | Identified a +0 whip
 10148 | D:8      | Identified a +2 short sword
 10148 | D:8      | Identified a +0 robe
 10149 | D:8      | Identified a +2 scimitar
 10149 | D:8      | Identified a +0 robe
 10164 | D:8      | Reached XP level 9. HP: 30/72 MP: 11/17
 10164 | D:8      | HP: 15/72 [orc priest/divine providence (15)]
 10165 | D:8      | HP: 1/72 [wight/+3 flail of freezing (12)]
 10165 | D:8      | Slain by a wight

Table legend:
 A = Turns spent in this place as a percentage of turns spent in the entire game.
 B = Non-inter-level travel turns spent in this place as a percentage of non-inter-level travel turns spent in the entire game.
 C = Inter-level travel turns spent in this place as a percentage of turns spent in this place.
 D = Turns resting spent in this place as a percentage of non-inter-level travel turns spent in this place.
 E = Turns spent auto-exploring this place as a percentage of non-inter-level travel turns spent in this place.
 F = Non-inter-level travel turns spent in this place divided by the number of levels of this place that you've seen.
                   A       B       C       D       E      F
               +-------+-------+-------+-------+-------+----------------------
         Total | 100.0 | 100.0 |   4.0 |  40.5 |  41.5 | 1220.0
       Dungeon | 100.0 | 100.0 |   4.0 |  40.5 |  41.5 | 1220.0
               +-------+-------+-------+-------+-------+----------------------

Table legend:
 A = Kills in this place as a percentage of kills in entire the game.
 B = Kills by you in this place as a percentage of kills by you in the entire game.
 C = Kills by friends in this place as a percentage of kills by friends in the entire game.
 D = Other kills in this place as a percentage of other kills in the entire game.
 E = Experience gained in this place as a percentage of experience gained in the entire game.
 F = Experience gained in this place divided by the number of levels of this place that you have seen.
                   A       B       C       D       E      F
               +-------+-------+-------+-------+-------+----------------------
         Total | 100.0 | 100.0 | 100.0 |   N/A | 100.0 | 352.9
       Dungeon | 100.0 | 100.0 | 100.0 |   N/A | 100.0 | 352.9
               +-------+-------+-------+-------+-------+----------------------

Skill      XL: |  1  2  3  4  5  6  7  8 |
---------------+-------------------------+-----
Dodging        | 2 3 4 |  4.3
Spellcasting   | 3 4 5 |  5.9
Transmutations | 3 4 5 6 |  6.3
Fighting       | 2 3 4 |  4.7
Poison Magic   | 1 2 |  2.0
Unarmed Combat | 4 5 |  5.2

Action                   |  1- 3 |  4- 6 |  7- 9 || total
-------------------------+-------+-------+-------++-------
Melee: Unarmed           |   160 |   253 |   325 ||   738
       Tailslap          |    13 |    28 |    38 ||    79
       Punch             |     2 |     4 |     7 ||    13
       Headbutt          |     2 |    10 |    26 ||    38
       Kick              |       |    11 |    34 ||    45
Throw: Boomerang         |    10 |       |     2 ||    12
 Cast: Beastly Appendage |     4 |    18 |    28 ||    50
       Sticks to Snakes  |     3 |     5 |    22 ||    30
       Spider Form       |       |     1 |     2 ||     3
Invok: Lunge             |       |     4 |    11 ||    15
       Whirlwind         |       |       |     5 ||     5
 Abil: Breathe Steam     |       |       |     1 ||     1
Evoke: Wand              |       |       |     4 ||     4
  Use: Scroll            |       |       |    10 ||    10
       Potion            |       |       |     5 ||     5
 Stab: Distracted        |     1 |       |     4 ||     5
       Sleeping          |       |     1 |     2 ||     3
  Eat: Chunk             |     2 |    11 |    10 ||    23
       Ration            |       |     1 |     1 ||     2
Armor: Skin              |    44 |    49 |    79 ||   172
Dodge: Dodged            |   111 |   106 |   225 ||   442

Vanquished Creatures
  A water moccasin (D:7)
  A sky beast (D:7)
  2 ogres
  A phantom (D:4)
  2 centaurs (D:6)
  A gnoll sergeant (D:6)
  A big kobold (D:7)
  A bullfrog (D:6)
  A water moccasin zombie (D:7)
  An electric eel (D:6)
  A bullfrog zombie (D:6)
  2 crimson imps
  A quasit (D:7)
  4 hounds
  A bullfrog skeleton (D:7)
  3 orc priests
  Jessica (D:3)
  2 iguanas
  5 worker ants
  Natasha (twice) (D:2)
  6 orc wizards
  2 howler monkey zombies
  4 gnolls (D:6)
  3 adders
  2 shadow imps (D:6)
  2 oozes
  2 adder skeletons
  3 worms
  A dart slug (D:3)
  3 leopard geckos
  12 orcs
  3 bats
  4 giant cockroaches
  12 goblins
  8 hobgoblins
  13 jackals
  12 kobolds
  6 quokkas
  5 frilled lizards
  A leopard gecko skeleton (D:6)
  9 rats
147 creatures vanquished.

Vanquished Creatures (collateral kills)
  3 howler monkeys (D:7)
  An orc wizard (D:7)
  2 worker ants (D:6)
  A worker ant zombie (D:7)
  2 gnolls (D:6)
  3 orcs (D:7)
  A jackal (D:2)
13 creatures vanquished.

Vanquished Creatures (others)
  A hound (D:8)
  A quokka (D:6)
  4 plants (D:7)
6 creatures vanquished.

Grand Total: 166 creatures vanquished
